 Dungeon Crawl Stone Soup version 0.30.0-29-ga12c61a403 (webtiles) character file.

Game seed: 9921601749499007489

23 Derfel the Sneak (level 2, -1/15 HPs)
             Began as a Vine Stalker Brigand on June 24, 2023.
             Slain by a jackal (2 damage)
             ... on level 1 of the Dungeon.
             The game lasted 00:03:26 (281 turns).

Derfel the Sneak (Vine Stalker Brigand)              Turns: 281, Time: 00:03:26

Health: -1/15      AC:  2    Str: 13    XL:     2   Next: 95%
Magic:  0/3        EV: 11    Int: 11    God:
Gold:   0          SH:  0    Dex: 15    Spells: 1/1 levels left

rFire   + . .        a - +2 dagger
rCold   + . .        (no shield)
rNeg    . . .        b - +0 robe
rPois   .            (no helmet)
rElec   .            i - scarf {rC+ rF+}
rCorr   .            (no gloves)
SInv    .            (no boots)
Will    .....        (no amulet)
Stlth   +++          (no ring)
HPRegen 0.22/turn    (no ring)
MPRegen 0.08/turn

%: guardian spirit
@: no status effects
A: fangs 2, magic shield, antimagic bite, no potion heal 2
a: no special abilities


You were on level 1 of the Dungeon.
You visited 1 branch of the dungeon, and saw 1 of its levels.

Inventory:

Hand Weapons
 a - a +2 dagger (weapon)
 f - a +0 sling
 g - a +1 dagger of draining
Missiles
 d - 5 poisoned darts (quivered)
 e - 3 curare-tipped darts
 h - 7 stones
Armour
 b - a +0 robe (worn)
 c - a +0 cloak
 i - a scarf of resistance (worn)


   Skills:
 + Level 1.9 Fighting
 + Level 1.9 Short Blades
 + Level 1.8 Throwing
 + Level 1.0 Dodging
 + Level 5.7 Stealth


You had one spell level left.
You didn't know any spells.
Your spell library was empty.

Dungeon Overview and Level Annotations

Branches:
Dungeon (1/15)

Altars:


Innate Abilities, Weirdness & Mutations

You have extremely sharp teeth.
When hurt, damage is shared between your health and your magic reserves.
Your bite disrupts and absorbs the magic of your enemies.
Potions cannot restore your health.


Message History

The poisoned dart barely misses the jackal.
The jackal bites you but does no damage.
Throw: 7 darts (poison)
Press: ? - help, Q - select action, (/) - cycle Shift-Dir - straight line, f/p - jackal
Aim: a jackal (50% to hit)
You throw a poisoned dart.
The poisoned dart closely misses the jackal.
The jackal completely misses you. The jackal attacks as you move away!
The jackal bites you.
The jackal bites you but does no damage.
The jackal barely misses you.
Things that are here:
a +0 short sword; a kobold corpse The jackal attacks as you move away!
The jackal bites you.
The jackal bites you but does no damage.
The jackal attacks as you move away! The jackal closely misses you.
Throw: 6 darts (poison)
Press: ? - help, Q - select action, (/) - cycle Shift-Dir - straight line, f/p - jackal
Aim: a jackal (50% to hit)
You throw a poisoned dart. The poisoned dart hits the jackal.
The jackal is poisoned.
The jackal closely misses you. x2
The jackal bites you. The jackal attacks as you move away!
The jackal bites you.
The jackal looks more healthy.
The jackal bites you. The jackal attacks as you move away!
The jackal bites you but does no damage.
The jackal attacks as you move away! The jackal bites you.
There is an open door here.
You closely miss the jackal.
The jackal is severely wounded.
The jackal bites you.
* * * LOW HITPOINT WARNING * * *
You aren't carrying any scrolls.
Unknown command.
The jackal attacks as you move away! The jackal closely misses you.
The jackal barely misses you. The jackal bites you.
* * * LOW HITPOINT WARNING * * *
The jackal attacks as you move away! The jackal bites you. x2
You die...

..#
#........#..†......#........
..#
#....######(######...####...
..# #....# ##.## ##.## ###.
### ###### #...######.# #.
#.......##.# #. #.⌠...⌠.##.#
#. #..###..##.. #.
#..#<#..###+#### #.
#.@#'#..#......# #.
#.⌠hh.⌠.#......###.
#.......#.......##.
###.....#.......##.
#####.÷.......##.
#########..#. ##.##. #⌠.⌠#.
##.##.


You could see 2 jackals.

Vanquished Creatures
  4 ball pythons (D:1)
  A bat (D:1)
  3 endoplasms (D:1)
  5 jackals (D:1)
  2 quokkas (D:1)
  3 frilled lizards (D:1)
  A kobold (D:1)
  A rat (D:1)
20 creatures vanquished.

Notes
Turn   | Place    | Note
-------+----------+-------------------------------------------
     0 | D:1      | Derfel the Vine Stalker Brigand began the quest for the
                  | Orb.
     0 | D:1      | Reached XP level 1. HP: 11/11 MP: 2/2
    19 | D:1      | Found a faded altar of an unknown god.
    30 | D:1      | Reached skill level 5 in Stealth
    43 | D:1      | Reached XP level 2. HP: 14/15 MP: 3/3
   205 | D:1      | Reached skill level 1 in Dodging
   281 | D:1      | Slain by a jackal

Illustrated notes

Levels and vault maps discovered:
D:1:      scummos_arrival_simple_fountains, layout_basic,
          ebering_ecumenical_altar_hall

Skill      XL: |  1  2 |
---------------+-------+-----
Stealth        | 5 |  5.7
Dodging        | 1 |  1.0
Fighting       | |  1.9
Short Blades   | |  1.9
Throwing       | |  1.8

Action                     || total
---------------------------++-------
  Melee: Dagger            ||    44
         Bite              ||     9
  Throw: Dart              ||     5
   Stab: Sleeping          ||     7
 Armour: Robe              ||    18
  Dodge: Dodged            ||    39
